MID
LAKEWOOD BLUECLAWS @ DAYTON DRAGONS
08/22/2048
 
TOP OF THE 1ST
Lakewood BlueClaws batting - Pitching for Dayton Dragons : LHP Juan Garcia
Pitching: LHP Juan Garcia
Batting: RHB Bryan Alfaro 0-0: Foul Ball, location: 2F
0-1: Ball
1-1: Ground out 4-3 (Groundball, 4, EV 98.1 MPH)
Batting: RHB Vaclav Been 0-0: Ball
1-0: Called Strike
1-1: Swinging Strike
1-2: Foul Ball, location: 2F
1-2: Ground out U3 (Groundball, 3, EV 85.0 MPH)
Batting: RHB Mike Bell 0-0: Called Strike
0-1: Fly out, F9 (Line Drive, 89M, EV 110.0 MPH)
Top of the 1st over - 0 runs, 0 hits, 0 errors, 0 left on base; Lakewood 0 - Dayton 0
BOTTOM OF THE 1ST
Dayton Dragons batting - Pitching for Lakewood BlueClaws : RHP Josh Howell
Pitching: RHP Josh Howell
Batting: LHB Jeremy Robertson 0-0: Ball
1-0: Ball
2-0: Called Strike
2-1: Foul Ball, location: 2F
2-2: Ground out 6-3 (Groundball, 6, EV 83.8 MPH)
Batting: RHB Tony Casas 0-0: Called Strike
0-1: Foul Ball, location: 2F
0-2: Ball
1-2: Ball
2-2: Ball
3-2: Fly out, F8 (Flyball, 8LD, EV 100.0 MPH)
Batting: LHB Matt Kennedy 0-0: DOUBLE (Groundball, 5L, EV 94.4 MPH)
Batting: RHB Andy Bachman 0-0: Ball
1-0: Ground out 4-3 (Groundball, 4, EV 102.5 MPH)
Bottom of the 1st over - 0 runs, 1 hit, 0 errors, 1 left on base; Lakewood 0 - Dayton 0
TOP OF THE 2ND
Lakewood BlueClaws batting - Pitching for Dayton Dragons : LHP Juan Garcia
Batting: RHB Victor Arias 0-0: Ball
1-0: Ball
2-0: Fly out, F9 (Line Drive, 9D, EV 91.2 MPH)
Batting: SHB Steve DeRienzo 0-0: Ground out 6-3 (Groundball, 6, EV 87.5 MPH)
Batting: RHB Trent Hedrick 0-0: Called Strike
0-1: Ball
1-1: Ball
2-1: Foul Ball, location: 2F
2-2: Strikes out swinging
Top of the 2nd over - 0 runs, 0 hits, 0 errors, 0 left on base; Lakewood 0 - Dayton 0
BOTTOM OF THE 2ND
Dayton Dragons batting - Pitching for Lakewood BlueClaws : RHP Josh Howell
Batting: RHB Juan Zamora 0-0: Ball
1-0: Called Strike
1-1: Ball
2-1: Ball
3-1: Called Strike
3-2: Foul Ball, location: 2F
3-2: Foul Ball, location: 2F
3-2: Fly out, F8 (Flyball, 8RM, EV 90.0 MPH)
Batting: RHB Mark Williams 0-0: Called Strike
0-1: Ball
1-1: Ball
2-1: Ball
3-1: Base on Balls
Batting: LHB Leo Gomez 0-0: Ball
1-0: Fly out, F9 (Flyball, 89S, EV 75.0 MPH)
Batting: RHB Ernie Maldonado 0-0: Fly out, F5 (Popup, 25F, EV 78.8 MPH)
Bottom of the 2nd over - 0 runs, 0 hits, 0 errors, 1 left on base; Lakewood 0 - Dayton 0
TOP OF THE 3RD
Lakewood BlueClaws batting - Pitching for Dayton Dragons : LHP Juan Garcia
Batting: LHB Joel Moore 0-0: SINGLE (Groundball, 34D, EV 106.2 MPH)
Batting: RHB Josh Baker 0-0: Fly out, F9 (Flyball, 9D, EV 108.1 MPH)
Batting: RHB Cory Bonham 0-0: Called Strike
0-1: Ball
1-1: Ground out 5-3 (Groundball, 56S, EV 89.4 MPH)
Joel Moore to second
Batting: RHB Bryan Alfaro 0-0: Called Strike
0-1: Ground out 6-3 (Groundball, 6, EV 90.0 MPH)
Top of the 3rd over - 0 runs, 1 hit, 0 errors, 1 left on base; Lakewood 0 - Dayton 0
BOTTOM OF THE 3RD
Dayton Dragons batting - Pitching for Lakewood BlueClaws : RHP Josh Howell
Batting: RHB Yutaka Sato 0-0: Called Strike
0-1: Ball
1-1: Ball
2-1: Swinging Strike
2-2: Ball
3-2: Base on Balls
Batting: LHB Jeremy Robertson 0-0: Ball
1-0: Ball
2-0: SINGLE (Groundball, 34D, EV 94.4 MPH)
Yutaka Sato to second
Runner from 2nd tries for 3rd, SAFE, throw by RF made to third
Batting: RHB Tony Casas 0-0: Called Strike
0-1: Ball
1-1: Ball
Jeremy Robertson steals 2nd, throwing error, E2
Yutaka Sato scores
Jeremy Robertson to third
2-1: Foul Ball, location: 2F
2-2: Strikes out looking
Batting: LHB Matt Kennedy 0-0: Called Strike
0-1: Called Strike
0-2: Ground out 4-3 (Groundball, 4, EV 104.4 MPH)
Jeremy Robertson scores
Batting: RHB Andy Bachman 0-0: Called Strike
0-1: Ball
1-1: Ground out 5-3 (Groundball, 56S, EV 65.6 MPH)
Bottom of the 3rd over - 2 runs, 1 hit, 1 error, 0 left on base; Lakewood 0 - Dayton 2
TOP OF THE 4TH
Lakewood BlueClaws batting - Pitching for Dayton Dragons : LHP Juan Garcia
Batting: RHB Vaclav Been 0-0: Ball
1-0: Foul Ball, location: 2F
1-1: Ground out 5-3 (Groundball, 15, EV 85.6 MPH)
Batting: RHB Mike Bell 0-0: Ball
1-0: Called Strike
1-1: Foul Ball, location: 2F
1-2: Foul Ball, location: 2F
1-2: Ball
2-2: Strikes out looking
Batting: RHB Victor Arias 0-0: Foul Ball, location: 2F
0-1: Ball
1-1: Ball
2-1: Foul Ball, location: 2F
2-2: Foul Ball, location: 2F
2-2: Foul Ball, location: 2F
2-2: Foul Ball, location: 2F
2-2: Ball
3-2: Foul Ball, location: 2F
3-2: Reached on error, E6 (Groundball, 6, EV 103.1 MPH)
Batting: SHB Steve DeRienzo 0-0: Ball
1-0: Called Strike
Victor Arias is caught stealing 2nd base 2-4
Top of the 4th over - 0 runs, 0 hits, 1 error, 0 left on base; Lakewood 0 - Dayton 2
BOTTOM OF THE 4TH
Dayton Dragons batting - Pitching for Lakewood BlueClaws : RHP Josh Howell
Batting: RHB Juan Zamora 0-0: Ground out 6-3 (Groundball, 6M, EV 86.9 MPH)
Batting: RHB Mark Williams 0-0: Ball
1-0: DOUBLE (Groundball, 3L, EV 106.2 MPH)
Batting: LHB Leo Gomez 0-0: Swinging Strike
0-1: Ball
1-1: Ball
2-1: Swinging Strike
2-2: Strikes out swinging
Batting: RHB Ernie Maldonado 0-0: Ball
1-0: Ball
2-0: Foul Ball, location: 2F
2-1: Ground out 4-3 (Groundball, 4, EV 96.9 MPH)
Bottom of the 4th over - 0 runs, 1 hit, 0 errors, 1 left on base; Lakewood 0 - Dayton 2
TOP OF THE 5TH
Lakewood BlueClaws batting - Pitching for Dayton Dragons : LHP Juan Garcia
Batting: SHB Steve DeRienzo 0-0: Foul Ball, location: 2F
0-1: Ground out 5-3 (Groundball, 56, EV 90.6 MPH)
Batting: RHB Trent Hedrick 0-0: Ball
1-0: SINGLE (Groundball, 6D, EV 102.5 MPH)
Batting: LHB Joel Moore 0-0: Ball
1-0: SINGLE (Groundball, 4D, EV 109.4 MPH)
Trent Hedrick to second
Trent Hedrick to third
Batting: RHB Josh Baker 0-0: Ball
1-0: Ball
2-0: Ball
3-0: Base on Balls
Joel Moore to second
Batting: RHB Cory Bonham 0-0: Swinging Strike
0-1: Ball
1-1: Foul Ball, location: 2F
1-2: Strikes out looking
Batting: RHB Bryan Alfaro 0-0: Foul Ball, location: 2F
0-1: Ball
1-1: Called Strike
1-2: Ball
2-2: Foul Ball, location: 2F
2-2: Strikes out swinging
Top of the 5th over - 0 runs, 2 hits, 0 errors, 3 left on base; Lakewood 0 - Dayton 2
BOTTOM OF THE 5TH
Dayton Dragons batting - Pitching for Lakewood BlueClaws : RHP Josh Howell
Pitching: RHP Francisco Tejada
Batting: RHB Yutaka Sato 0-0: Ground out 5-3 (Groundball, 5, EV 94.4 MPH)
Batting: LHB Jeremy Robertson 0-0: Ball
1-0: Ball
2-0: Called Strike
2-1: Called Strike
2-2: Strikes out looking
Batting: RHB Tony Casas 0-0: Ball
1-0: Called Strike
1-1: Ball
2-1: Ball
3-1: Swinging Strike
3-2: Foul Ball, location: 2F
3-2: Ground out 3-1 (Groundball, 34, EV 98.8 MPH)
Bottom of the 5th over - 0 runs, 0 hits, 0 errors, 0 left on base; Lakewood 0 - Dayton 2
TOP OF THE 6TH
Lakewood BlueClaws batting - Pitching for Dayton Dragons : LHP Juan Garcia
Batting: RHB Vaclav Been 0-0: Called Strike
0-1: Ball
1-1: Called Strike
1-2: Strikes out looking
Batting: RHB Mike Bell 0-0: Foul Ball, location: 2F
0-1: Ball
1-1: Foul Ball, location: 2F
1-2: Strikes out swinging, 2-3 out at first.
Batting: RHB Victor Arias 0-0: Ball
1-0: Called Strike
1-1: Ground out U3 (Groundball, 3L, EV 107.5 MPH)
Top of the 6th over - 0 runs, 0 hits, 0 errors, 0 left on base; Lakewood 0 - Dayton 2
BOTTOM OF THE 6TH
Dayton Dragons batting - Pitching for Lakewood BlueClaws : RHP Francisco Tejada
Batting: LHB Matt Kennedy 0-0: Ball
1-0: Ball
2-0: Ball
3-0: Called Strike
3-1: Base on Balls
Batting: RHB Andy Bachman 0-0: Ball
1-0: Swinging Strike
1-1: Ball
Matt Kennedy steals 2nd, throwing error, E2
Matt Kennedy to third
2-1: Ball
3-1: Base on Balls
Batting: RHB Juan Zamora 0-0: Ball
1-0: Fielders Choice at 2nd, 6-4 (Groundball, 6MD, EV 97.5 MPH)
Matt Kennedy scores
Batting: RHB Mark Williams 0-0: Called Strike
0-1: Called Strike
0-2: Ball
1-2: Ball
2-2: Ball
3-2: Foul Ball, location: 2F
3-2: SINGLE (Groundball, 6S, EV 66.2 MPH) (infield hit)
Juan Zamora to second
Pitching: RHP Andrew Giles
Batting: LHB Leo Gomez 0-0: Ball
1-0: Ball
2-0: Called Strike
2-1: Ball
3-1: Fly out, F7 (Flyball, 78S, EV 94.4 MPH)
Batting: RHB Ernie Maldonado 0-0: Ball
1-0: Fly out, F3 (Popup, 3SF, EV 84.4 MPH)
Bottom of the 6th over - 1 run, 1 hit, 1 error, 2 left on base; Lakewood 0 - Dayton 3
TOP OF THE 7TH
Lakewood BlueClaws batting - Pitching for Dayton Dragons : LHP Juan Garcia
Now at 2B: Jeremy Robertson
Now at SS: Juan Zamora
Now in LF: Gabe Morales
Now in CF: Leo Gomez
Batting: SHB Steve DeRienzo 0-0: Ball
1-0: Ball
2-0: SINGLE (Groundball, 56S, EV 66.2 MPH) (infield hit)
Batting: RHB Trent Hedrick 0-0: Fly out, F2 (Popup, 23F, EV 79.4 MPH)
Batting: LHB Joel Moore 0-0: Called Strike
0-1: Foul Ball, location: 2F
0-2: Ball
1-2: Grounds into double play, 6-4-3 (Groundball, 6, EV 101.9 MPH)
Top of the 7th over - 0 runs, 1 hit, 0 errors, 0 left on base; Lakewood 0 - Dayton 3
BOTTOM OF THE 7TH
Dayton Dragons batting - Pitching for Lakewood BlueClaws : RHP Andrew Giles
Batting: RHB Yutaka Sato 0-0: Called Strike
0-1: Called Strike
0-2: Strikes out swinging, 2-3 out at first.
Batting: LHB Jeremy Robertson 0-0: Called Strike
0-1: Ball
1-1: Swinging Strike
1-2: Foul Ball, location: 2F
1-2: Foul Ball, location: 2F
1-2: Strikes out swinging
Batting: RHB Tony Casas 0-0: Ball
1-0: Ball
2-0: Ball
3-0: Base on Balls
Batting: LHB Matt Kennedy 0-0: Called Strike
Tony Casas steals 2nd base
0-1: Ball
1-1: Foul Ball, location: 2F
1-2: Foul Ball, location: 2F
1-2: SINGLE (Groundball, 34D, EV 100.6 MPH)
Tony Casas to third
Runner from 3rd tries for Home, SAFE, throw by RF to home
Batting: RHB Andy Bachman 0-0: Called Strike
0-1: Ball
1-1: Foul Ball, location: 2F
1-2: Ball
2-2: Fly out, F8 (Line Drive, 8LD, EV 94.4 MPH)
Bottom of the 7th over - 1 run, 1 hit, 0 errors, 1 left on base; Lakewood 0 - Dayton 4
TOP OF THE 8TH
Lakewood BlueClaws batting - Pitching for Dayton Dragons : LHP Juan Garcia
Now in RF: Tim Kirk
Batting: RHB Josh Baker 0-0: Ball
1-0: Swinging Strike
1-1: Ball
2-1: Foul Ball, location: 2F
2-2: Ball
3-2: Strikes out swinging
Batting: RHB Cory Bonham 0-0: Called Strike
0-1: Foul Ball, location: 2F
0-2: Strikes out swinging
Batting: RHB Bryan Alfaro 0-0: Ball
1-0: Called Strike
1-1: Swinging Strike
1-2: Strikes out swinging
Top of the 8th over - 0 runs, 0 hits, 0 errors, 0 left on base; Lakewood 0 - Dayton 4
BOTTOM OF THE 8TH
Dayton Dragons batting - Pitching for Lakewood BlueClaws : RHP Andrew Giles
Pitching: RHP Ramon Mena
Batting: RHB Juan Zamora 0-0: Ball
1-0: Fly out, F7 (Flyball, 7D, EV 105.6 MPH)
Batting: LHB Gabe Morales 0-0: Called Strike
0-1: Ball
1-1: Called Strike
1-2: Strikes out looking
Batting: LHB Leo Gomez 0-0: Ball
1-0: Ball
2-0: Ball
3-0: Called Strike
3-1: Foul Ball, location: 2F
3-2: SINGLE (Groundball, 56S, EV 65.0 MPH) (infield hit)
Batting: RHB Ernie Maldonado 0-0: Called Strike
0-1: Fly out, F9 (Flyball, 9D, EV 103.8 MPH)
Bottom of the 8th over - 0 runs, 1 hit, 0 errors, 1 left on base; Lakewood 0 - Dayton 4
TOP OF THE 9TH
Lakewood BlueClaws batting - Pitching for Dayton Dragons : LHP Juan Garcia
Pitching: RHP Brian Trejo
Batting: RHB Vaclav Been 0-0: Ground out 5-3 (Groundball, 56S, EV 77.5 MPH)
Batting: RHB Mike Bell 0-0: Called Strike
0-1: Ball
1-1: Ground out 5-3 (Groundball, 56, EV 85.6 MPH)
Batting: RHB Victor Arias 0-0: Called Strike
0-1: Foul Ball, location: 2F
0-2: Strikes out swinging
Top of the 9th over - 0 runs, 0 hits, 0 errors, 0 left on base; Lakewood 0 - Dayton 4
Tuesday, March 28th , 2023 - OOTP Baseball 23.10 Build 110